cohdb
Replays
Latest Replays
All Replays
Popular Replays
Top Player Replays
Match Explorer
How It Works
Community
CoH3 Stats
Reddit
Sign in to upload your games and track your stats! →
Sign in with Steam
Match 41417826
Unlisted
Match 41417826
Overview
Messages
Build Orders
End
Kettenkrad Recon Vehicle
Selects Luftwaffe Battlegroup
Selects Luftwaffe Pioneer Support
Fallschirmpioneer Squad Paradrop
Fallschirmpioneer Squad Paradrop
Fallschirmpioneer Squad Paradrop
Construct Infanterie Kompanie
Construct Luftwaffe Kompanie
Support Elements
Wirbelwind Flakpanzer
Selects Stuka Strafing Run
Selects Fallschirmjäger Squad Paradrop
Wirbelwind Flakpanzer
Fallschirmpioneer Squad Paradrop
Wirbelwind Flakpanzer
Marder III M Tank Destroyer
Marder III M Tank Destroyer
Jäger Squad
Selects Stuka Loiter
Stuka Loiter
Jäger Squad
runyourway
simiver
Mael Radec
HiddenJoker
Hugh G Wrecktion
Cmplord
verige维吉尔
Apeiron
0
0
Comments
sign in to comment!
No comments posted yet!